 Dungeon Crawl Stone Soup version 0.28-a0-439-g4cf4cd4993 (webtiles) character file.

Game seed: 6569496195387552353

16837 Majang the Thaumaturge (level 12, 0/85 HPs)
             Began as a Djinni Ice Elementalist on Sept 5, 2021.
             Was an Elder of Makhleb.
             Killed from afar by a blizzard demon (30 damage)
             ... with a bolt of lightning
             ... in a Gauntlet on Sept 11, 2021.
             The game lasted 01:14:21 (15889 turns).

Majang the Thaumaturge (Djinni Ice Elementalist)   Turns: 15889, Time: 01:14:22

Health: 0/85       AC:  9    Str:  3    XL:     12   Next: 75%
Gold:   584        EV: 14    Int: 39    God:    Makhleb [****..] SH:  5 Dex: 14

rFire   . . .      SeeInvis +   b - +2 morningstar (holy)
rCold   . . .      Faith    +   o - +0 buckler
rNeg    . . .      Spirit   .   y - +2 leather armour of the Goldsmith {-Tele rF- Int+10 Stlth+}
rPois   ∞          Reflect  .   w - +2 helmet {SInv}
rElec   .          Harm     .   m - +0 cloak
rCorr   .          Rampage  .   (no gloves)
Will    ++...      NoTele   +   (boots unavailable)
Stlth   +++.......              j - amulet of faith
HPRegen 0.24/turn               g - ring of ice
MPRegen 0.00/turn               s - ring of Faculon {rPois Will+ Str-5 Int+8 Slay+2}

@: flying
A: sickness immunity, fire resistance 2, cold vulnerability 1, float, innate
caster, hp casting, extra vitality 1
a: Renounce Religion, Minor Destruction, Lesser Servant of Makhleb, Major
Destruction


You were in a Gauntlet.
You worshipped Makhleb.
Makhleb was greatly pleased with you.
You visited 3 branches of the dungeon, and saw 12 of its levels.
You also visited: Gauntlet.

You collected 895 gold pieces.
You spent 311 gold pieces at shops.

Inventory:

Hand Weapons
 a - a +0 flail
 b - a +2 morningstar of holy wrath (weapon)
 q - a +5 dire flail
 D - a +1 scimitar of flaming
Missiles
 f - 3 throwing nets
 k - 17 boomerangs (quivered)
Armour
 m - a +0 cloak (worn)
 n - +0 steam dragon scales
 o - a +0 buckler (worn)
 w - a +2 helmet of see invisible (worn)
 y - the +2 leather armour of the Goldsmith (worn) {-Tele rF- Int+10 Stlth+}
   (You found it on level 6 of the Dungeon)

   Int:       It affects your intelligence (+10).
   rF:        It makes you vulnerable to fire.
   -Tele:     It prevents most forms of teleportation.
   Stlth:     It makes you more stealthy.
 E - a +2 robe of fire resistance
Jewellery
 g - a ring of ice (left hand)
 j - an amulet of faith (around neck)
 p - a ring of resist corrosion
 s - the ring of Faculon (right hand) {rPois Will+ Str-5 Int+8 Slay+2}
   (You found it on level 4 of the Dungeon)

   [ring of poison resistance]

   Str:       It affects your strength (-5).
   Int:       It affects your intelligence (+8).
   Slay:      It affects your accuracy & damage with ranged weapons and melee
   (+2).
   rPois:     It protects you from poison.
   Will:      It increases your willpower.
 C - a +6 ring of strength
 G - an amulet of reflection
 K - the ring of the Hare {EV+8}
   (You found it in a Gauntlet)

   [ring of evasion]

   EV:        It affects your evasion (+8).
Wands
 r - a wand of iceblast (5)
 J - a wand of polymorph (7)
Scrolls
 c - 2 scrolls of identify
 e - 6 scrolls of teleportation
 h - 2 scrolls of fog {unknown}
 t - 3 scrolls of blinking
 H - a scroll of magic mapping
Potions
 d - 3 potions of resistance
 i - 4 potions of lignification
 l - a potion of might
 u - a potion of cancellation
 v - 4 potions of heal wounds
 x - 2 potions of haste
 z - 2 potions of mutation
 A - 2 potions of attraction
 B - a potion of invisibility
 F - 2 potions of curing
Miscellaneous
 I - a condenser vane


   Skills:
 + Level 7.0 Fighting
 + Level 5.0(5.4) Maces & Flails
 - Level 3.0(4.7) Staves
 + Level 8.1 Dodging
 - Level 1.5 Stealth
 - Level 4.0 Shields
 * Level 9.4 Spellcasting
 + Level 7.1 Invocations
 + Level 7.1 Evocations


You had 5 spell levels left.
You knew the following spells:

 Your Spells              Type           Power      Damage    Failure   Level
a - Ozocubu's Armour      Ice            95%        N/A       1%          3
c - Corpse Rot            Necr/Air       N/A        N/A       1%          2
f - Freeze                Ice            100%       1d11      1%          1
g - Gell's Gravitas       Tloc           37%        N/A       1%          3
h - Hailstorm             Conj/Ice       95%        3d19      1%          4
r - Frozen Ramparts       Ice            100%       1d12      1%          3
t - Airstrike             Air            37%        N/A       1%          4
y - Apportation           Tloc           100%       N/A       1%          1
S - Spider Form           Tmut/Pois      37%        N/A       1%          3
Your spell library was empty.

Dungeon Overview and Level Annotations

Branches:
Dungeon (10/15)            Temple (1/1) D:6            Lair (1/6) D:10
    Orc (0/2) D:9         Gauntlet (1/1)

Altars:
Ashenzari
Cheibriados
Dithmenos
Elyvilon
Fedhas
Gozag
Hepliaklqana
Kikubaaqudgha
Makhleb
Nemelex Xobeh
Okawaru
Qazlal
Ru
Sif Muna
Trog
Uskayaw
Vehumet
Wu Jian
Xom
Yredelemnul
Zin
The Shining One
Jiyva

Shops:
D:1 :*[?   D:9 ([

Annotations:
D:7 3 runed translucent doors, papapa55's ghost, novice MiBe
D:8 3 runed translucent doors, Marsius's ghost, novice DEIE Gauntlet 7 transporters, 21 runed translucent doors, exclusions: obsidian statue and orange crystal statue


Innate Abilities, Weirdness & Mutations

You are immune to sickness and miasma.
You are immune to poison.
Your flesh is very heat resistant. (rF++)
You are vulnerable to cold. (rC-)
You float through the air rather than walking.
You learn spells naturally, not from books.
Your magical power is your life essence.
You have superior vitality. (+4 HP)


Message History

Confirm with . or Enter, or press ? or * to list all spells.
Aiming: Gell's Gravitas (safe; 1% risk of failure)
Press: ? - help, Dir - move target Gravity reorients around empty space.
The blizzard demon hits you but does no damage.
The blizzard demon barely misses you.
Unknown command.
You closely miss the blizzard demon.
The blizzard demon is heavily wounded.
You block the blizzard demon's attack.
The blizzard demon hits you but does no damage.
You barely miss the blizzard demon.
The blizzard demon is heavily wounded.
The blizzard demon hits you! The blizzard demon closely misses you.
Unknown command.
You sock the blizzard demon!
The blizzard demon convulses.
The blizzard demon is severely wounded.
The blizzard demon hits you. The blizzard demon barely misses you.
The blizzard demon gestures at you. The bolt of lightning misses you.
Unknown command.
You hit the blizzard demon but do no damage.
The blizzard demon is severely wounded.
The blizzard demon gestures at you. The freezing blast engulfs you.
Unknown command.
You cannot blink because you are wearing the +2 leather armour of the Goldsmith {-Tele rF- Int+10 Stlth+}.
Your icy armour will break if you move.
Continue? [Y]es or [N]o only, please.
Your icy armour will break if you move.
Continue? [Y]es or [N]o only, please.
Your icy armour will break if you move.
Continue? [Y]es or [N]o only, please.
Your icy armour will break if you move.
Continue?
Your icy armour cracks and falls away as you move.
You are engulfed in freezing vapours.
The blizzard demon is engulfed in freezing vapours.
The blizzard demon gestures at you. The bolt of lightning hits you!!
You die...

#8# #8# #8# #8# #8# #8#
#########################
#≈.......................
###........................
#8#..###########...########
###..#.........#.8.#.......
#..#.##.○○##.#...#.#^....
#####..#[#.#○#.#.#####(.##†##
#≈8≈#..#(.##@##..#...#=.##.##
##...#..#©.#○○○#..#©.©#©.#^©.#
...8.#..#..##2##..#...#).##†##
##...#..#[#.#○#.#.#####..##†##
...8.#..#.##.○.##.#...#.#^....
.#...#..#.........#...#.......
#...#..###########..§########
#.©.#≈...........§.≈.........
#...#∩..........§§§8§........


You could see a blizzard demon.

Vanquished Creatures
  A hydra (Lair:1)
  2 two-headed ogres
  Erica (D:8)
  A fire crab (Gauntlet)
  2 cane toads (Lair:1)
  2 unseen horrors
  2 trolls (D:10)
  A hornet (D:9)
  A tyrant leech (Gauntlet)
  4 blink frogs (Lair:1)
  2 wraiths (D:10)
  A vampire (D:7)
  3 wyverns
  3 fire bats (Gauntlet)
  26 yaks
  3 steam dragons
  3 wargs (D:10)
  3 water moccasins
  4 swamp worms (Gauntlet)
  An acid dragon (D:8)
  2 sky beasts
  A hornet zombie (D:6)
  3 orc warriors
  A black bear (D:5)
  An ice beast (D:6)
  A necrophage (D:4)
  An ogre (D:5)
  6 centaurs
  A phantom (D:5)
  3 bullfrogs
  5 scorpions
  2 gnoll sergeants (D:8)
  5 killer bees (D:9)
  A troll skeleton (D:9)
  5 spriggan skeletons (D:9)
  16 wights
  A centaur zombie (D:5)
  3 hounds
  2 orc priests
  2 centaur skeletons
  A gnoll shaman (D:8)
  A jelly (D:7)
  Terence (D:2)
  5 iguanas
  Natasha (thrice) (D:4)
  7 orc wizards
  2 howler monkey zombies
  29 gnolls
  5 adders
  2 shadow imps
  A white imp (Gauntlet)
  An ufetubus (D:5)
  A worm (D:1)
  3 dart slugs
  20 orcs
  7 bats
  7 endoplasms
  A giant cockroach (D:3)
  8 hobgoblins
  3 jackals
  7 kobolds
  9 quokkas
  11 ball pythons
  4 frilled lizards
  5 goblins
  6 rats
278 creatures vanquished.

Vanquished Creatures (others)
  A fungus (Lair:1)
  2 plants
3 creatures vanquished.

Grand Total: 281 creatures vanquished

Notes
Turn   | Place    | Note
-------+----------+-------------------------------------------
     0 | D:1      | Majang the Djinni Ice Elementalist began the quest for the
                  | Orb.
     0 | D:1      | Reached XP level 1. HP: 15/15 MP: 0/0
   110 | D:1      | Found Xuyke's Magic Scroll Boutique.
   120 | D:1      | Found Razuby's Armour Shoppe.
   149 | D:1      | Found Kijiskuf's General Store.
   187 | D:1      | Reached XP level 2. HP: 17/21 MP: 0/0
   246 | D:1      | Bought a scroll of identify for 20 gold pieces
   976 | D:1      | Reached XP level 3. HP: 20/25 MP: 0/0
   976 | D:1      | Learned a level 1 spell: Apportation
  1165 | D:1      | Found Jarazoemp's Book Emporium.
  1298 | D:1      | Bought a scroll of magic mapping for 38 gold pieces
  1339 | D:2      | Reached skill level 4 in Spellcasting
  1799 | D:2      | Reached XP level 4. HP: 23/31 MP: 0/0
  2229 | D:2      | Reached XP level 5. HP: 25/35 MP: 0/0
  2229 | D:2      | Learned a level 2 spell: Corpse Rot
  2613 | D:2      | Noticed Terence
  2621 | D:2      | Killed Terence
  2622 | D:2      | Reached skill level 5 in Spellcasting
  3142 | D:3      | Reached XP level 6. HP: 8/41 MP: 0/0
  3583 | D:3      | Reached skill level 1 in Fighting
  4108 | D:3      | You are sucked into a shaft and drop 2 floors!
  4108 | D:5      | Entered Level 5 of the Dungeon
  4108 | D:5      | Noticed an orc warrior
  4116 | D:5      | HP: 1/42 [orc priest/divine providence (15)]
  4119 | D:5      | Reached skill level 1 in Invocations
  4119 | D:5      | Reached skill level 1 in Evocations
  4119 | D:5      | Killed an orc warrior
  4120 | D:5      | Reached skill level 1 in Staves
  4120 | D:5      | Reached XP level 7. HP: 12/47 MP: 0/0
  4120 | D:5      | Learned a level 3 spell: Spider Form
  4540 | D:4      | Noticed Natasha
  4541 | D:4      | Identified the ring of Faculon {rPois Will+ Str-5 Int+8
                  | Slay+2}
  4590 | D:4      | Killed Natasha
  4712 | D:4      | Reached skill level 1 in Shields
  5125 | D:4      | Found an iron altar of Okawaru.
  5302 | D:4      | Noticed Natasha
  5324 | D:4      | Killed Natasha
  5325 | D:4      | Reached XP level 8. HP: 50/54 MP: 0/0
  5376 | D:4      | Noticed Natasha
  5383 | D:4      | Killed Natasha
  5445 | D:1      | Bought a +1 helmet of see invisible for 165 gold pieces
  5483 | D:1      | Bought a scroll of identify for 22 gold pieces
  5483 | D:1      | Bought a scroll of identify for 22 gold pieces
  5483 | D:1      | Bought a scroll of identify for 22 gold pieces
  5483 | D:1      | Bought a scroll of identify for 22 gold pieces
  5956 | D:6      | Reached skill level 6 in Spellcasting
  6258 | D:6      | Found a staircase to the Ecumenical Temple.
  6265 | Temple   | Entered the Ecumenical Temple
  6307 | Temple   | Became a worshipper of Makhleb the Destroyer
  6553 | D:5      | Reached XP level 9. HP: 53/60 MP: 0/0
  6553 | D:5      | Learned a level 3 spell: Gell's Gravitas
  7989 | D:6      | Reached * piety under Makhleb
  8002 | D:6      | Reached skill level 1 in Maces & Flails
  8354 | D:6      | Identified the +2 leather armour of the Goldsmith {-Tele
                  | rF- Int+10 Stlth+}
  8365 | D:6      | Found a basalt altar of Yredelemnul.
  8376 | D:6      | Found a white marble altar of Elyvilon.
  8378 | D:6      | Found a bloodstained altar of Trog.
  8378 | D:6      | Found a blossoming altar of Fedhas.
  8378 | D:6      | Found a hazy altar of Hepliaklqana.
  8385 | D:6      | Reached XP level 10. HP: 57/67 MP: 0/0
  8431 | D:6      | Found a stormy altar of Qazlal.
  8870 | D:7      | Reached skill level 5 in Dodging
  8870 | D:7      | Reached skill level 7 in Spellcasting
  9041 | D:7      | Noticed a kobold demonologist
  9099 | D:7      | Noticed papapa55's ghost (novice MiBe)
  9300 | D:7      | Found a runed translucent gate.
  9300 | D:7      | Found a runed translucent gate.
  9300 | D:7      | Found a runed translucent gate.
 10496 | D:8      | Noticed a two-headed ogre
 10503 | D:8      | Killed a two-headed ogre
 10503 | D:8      | Reached ** piety under Makhleb
 10504 | D:8      | Reached skill level 5 in Invocations
 10937 | D:8      | Noticed Erica
 10944 | D:8      | Killed Erica
 10945 | D:8      | Reached skill level 5 in Fighting
 10945 | D:8      | Reached skill level 5 in Evocations
 10945 | D:8      | Reached XP level 11. HP: 23/75 MP: 0/0
 10945 | D:8      | Learned a level 4 spell: Airstrike
 11449 | D:8      | Found a runed translucent gate.
 11450 | D:8      | Found a runed translucent gate.
 11455 | D:8      | Found a runed translucent gate.
 11458 | D:8      | Noticed Marsius's ghost (novice DEIE)
 11533 | D:8      | Reached skill level 8 in Spellcasting
 12077 | D:8      | Found a viscous altar of Jiyva.
 12080 | D:8      | Upgraded the game from 0.28-a0-406-g4bac719ec2 to
                  | 0.28-a0-439-g4cf4cd4993
 12642 | D:9      | Reached *** piety under Makhleb
 12681 | D:9      | Found Ewiheceo's Weapon Boutique.
 12683 | D:9      | Found a staircase to the Orcish Mines.
 12694 | D:9      | Found Vufromn's Armour Boutique.
 13470 | D:10     | Entered Level 10 of the Dungeon
 13789 | D:10     | Found a staircase to the Lair.
 13814 | D:10     | Reached **** piety under Makhleb
 14013 | D:10     | Reached XP level 12. HP: 73/83 MP: 0/0
 14172 | D:10     | Reached skill level 9 in Spellcasting
 14630 | D:10     | Noticed a two-headed ogre
 14645 | D:10     | Killed a two-headed ogre
 14973 | Lair:1   | Entered Level 1 of the Lair of Beasts
 15142 | Lair:1   | Noticed a six-headed hydra
 15162 | Lair:1   | Killed a six-headed hydra
 15184 | Lair:1   | Found a gate leading to a gauntlet.
 15193 | Gauntlet | Entered a Gauntlet
 15193 | Gauntlet | Noticed a fire crab
 15193 | Gauntlet | Found the ring of the Hare {EV+8}
 15193 | Gauntlet | Found a transporter.
 15193 | Gauntlet | Found a transporter.
 15193 | Gauntlet | Found a transporter.
 15326 | Gauntlet | Found a transporter.
 15329 | Gauntlet | Found a transporter.
 15329 | Gauntlet | Found a transporter.
 15343 | Gauntlet | Found a transporter.
 15347 | Gauntlet | Found a transporter.
 15349 | Gauntlet | Found a large runed translucent door.
 15350 | Gauntlet | Found a large runed translucent door.
 15351 | Gauntlet | Found a large runed translucent door.
 15351 | Gauntlet | Found a large runed translucent door.
 15351 | Gauntlet | Found a runed translucent door.
 15351 | Gauntlet | Found a runed translucent door.
 15352 | Gauntlet | Found a large runed translucent door.
 15352 | Gauntlet | Found a large runed translucent door.
 15352 | Gauntlet | Found a large runed translucent door.
 15352 | Gauntlet | Found a large runed translucent door.
 15353 | Gauntlet | Found a large runed translucent door.
 15354 | Gauntlet | Found a large runed translucent door.
 15355 | Gauntlet | Found a large runed translucent door.
 15355 | Gauntlet | Found a large runed translucent door.
 15356 | Gauntlet | Found a large runed translucent door.
 15356 | Gauntlet | Found a large runed translucent door.
 15356 | Gauntlet | Found a large runed translucent door.
 15356 | Gauntlet | Found a large runed translucent door.
 15358 | Gauntlet | Noticed a blizzard demon
 15360 | Gauntlet | Found a runed translucent gate.
 15360 | Gauntlet | Found a runed translucent gate.
 15360 | Gauntlet | Found a runed translucent gate.
 15362 | Gauntlet | Found a transporter.
 15475 | Gauntlet | Found a transporter.
 15477 | Gauntlet | Found a transporter.
 15491 | Gauntlet | Found a transporter.
 15567 | Gauntlet | Killed a fire crab
 15568 | Gauntlet | Reached skill level 5 in Maces & Flails
 15889 | Gauntlet | Killed from afar by a blizzard demon

Illustrated notes

Levels and vault maps discovered:
D:1:      heliophobic_arrival_battle_scene, layout_loops_ring, serial_shops,
          shop, nicolae_shop_trees, shop, nicolae_shop_crystal, moated_statue,
          minivault_14
D:2:      layout_rooms, dk_noncrumbling_3, uniq_terence
D:3:      layout_loops_ring, minmay_joined_circles
D:4:      layout_rooms, okawaru_gym_becter, uniq_natasha
D:5:      layout_gridville
D:6:      layout_loops_cross, grunt_temple_overflow_open,
          minmay_temple_entry_ruins
D:7:      layout_basic, gammafunk_ghost_split, hangedman_decor_clover_reticule
D:8:      layout_basic, gammafunk_ghost_ooze, uniq_erica
D:9:      layout_loops_ring, led_sif_book, orc_david_3, hangedman_tell_no_tales
D:10:     layout_layer_cave, erik_lair_orcish_takeover
Temple:   eino_temple_water
Lair:1:   layout_gridlike, gauntlet_entry_generic
Gauntlet: gammafunk_gauntlet_hard_choice [gammafunk_gauntlet_arena_open,
          nicolae_gauntlet_swirl, nicolae_gauntlet_arena_blocks,
          gammafunk_gauntlet_arena_crates, gammafunk_gauntlet_arena_corners,
          minmay_gauntlet_arena_make_your_own_arena,
          nicolae_gauntlet_exit_dead_adventurers]

Skill      XL: |  1  2  3  4  5  6  7  8  9 10 11 12 |
---------------+-------------------------------------+-----
Spellcasting   | 4 5 6 7 8 9 |  9.4
Fighting       | 1 2 3 4 5 6 7 |  7.0
Invocations    | 1 2 4 5 6 7 |  7.1
Evocations     | 1 2 3 5 6 7 |  7.1
Staves         | 1 2 3 |  3.0
Dodging        | 3 4 6 7 8 |  8.1
Shields        | 1 2 3 4 |  4.0
Maces & Flails | 1 3 4 5 |  5.0
Stealth        | |  1.5

Action                   |  1- 3 |  4- 6 |  7- 9 | 10-12 || total
-------------------------+-------+-------+-------+-------++-------
Melee: Dagger            |     1 |       |       |       ||     1
       Club              |       |     1 |       |       ||     1
       Flail             |       |    11 |       |       ||    11
       Morningstar       |       |     6 |    52 |    80 ||   138
Throw: Boomerang         |       |       |     6 |       ||     6
 Cast: Freeze            |    41 |    23 |    21 |    16 ||   101
       Frozen Ramparts   |     5 |    19 |    29 |    39 ||    92
       Ozocubu's Armour  |     3 |     7 |    24 |    42 ||    76
       Hailstorm         |       |     6 |    31 |   120 ||   157
       Corpse Rot        |       |     1 |       |       ||     1
       Gell's Gravitas   |       |       |       |    16 ||    16
Evoke: Wand              |       |       |       |     3 ||     3
  Use: Potion            |       |     2 |       |       ||     2
       Scroll            |       |       |     7 |    14 ||    21
 Stab: Sleeping          |     1 |     3 |     1 |       ||     5
Armor: Robe              |    10 |     6 |    29 |       ||    45
       Leather armour    |       |       |       |    58 ||    58
Dodge: Dodged            |    18 |    27 |    46 |    79 ||   170
Block: Buckler           |       |     1 |    13 |    31 ||    45

Table legend: (Time is in decaauts)
 A = Elapsed time spent in this place.
 B = Non-inter-level travel time spent in this place.
 C = Inter-level travel time spent in this place.
 D = Time resting spent in this place.
 E = Time spent auto-exploring this place.
 F = Levels seen in this place.
 G = Mean time per level.
                   A        B        C        D        E       F      G
               +--------+--------+--------+--------+--------+-----+--------+
         Total |  15951 |  15379 |    572 |   6313 |   6422 |  13 | 1227.0 |
       Dungeon |  14958 |  14386 |    572 |   5904 |   6422 |  10 | 1495.8 |
        Temple |     74 |     74 |      0 |      0 |      0 |   1 |   74.0 |
          Lair |    221 |    221 |      0 |     19 |      0 |   1 |  221.0 |
      Gauntlet |    696 |    696 |      0 |    390 |      0 |   1 |  696.0 |
               +--------+--------+--------+--------+--------+-----+--------+

Top non-repeatable levels by time:
     D:8: 2351 daAuts
     D:5: 2315 daAuts
     D:1: 2253 daAuts
    D:10: 1506 daAuts
     D:9: 1388 daAuts
     D:3: 1266 daAuts
     D:6: 1112 daAuts
     D:7: 985 daAuts
     D:2: 897 daAuts
     D:4: 882 daAuts
Gauntlet: 696 daAuts
  Lair:1: 221 daAuts
  Temple: 74 daAuts
